 Dungeon Crawl Stone Soup version 0.17-a0-1718-g72dbe4d (webtiles) character file.

93 wvc the Skirmisher (level 4, 0/44 HPs)
             Began as a Naga Wanderer on Aug 26, 2015.
             Slain by an orc
             ... wielding a +0 flail
              (3 damage)
             ... on level 2 of the Dungeon.
             The game lasted 00:04:20 (1709 turns).

wvc the Skirmisher (Naga Wanderer)                  Turns: 1709, Time: 00:04:20

Health: 0/44       AC:  5    Str: 16    XL:     4   Next: 61%
Magic:  4/4        EV:  8    Int: 12    God:
Gold:   92         SH:  0    Dex: 10    Spells: 0 memorised, 3 levels left

rFire  . . .     SeeInvis +     l - +1 hand axe
rCold  . . .     Clarity  .     c - +0 ring mail
rNeg   . . .     SustAt   .     (no shield)
rPois  +         Gourm    .     (no helmet)
rElec  .         Spirit   .     (no cloak)
rCorr  .         Warding  .     q - +0 pair of gloves
rMut   .         Stasis   .     (no barding)
MR     .....                    (no amulet)
Stlth  ++........               (no ring)
                                (no ring)

@: short of breath, very slow, not resistant to hostile enchantments, unstealthy
A: see invisible, deformed body, poison resistance, slowness 2, slow metabolism
1, spit poison 2, AC +1
a: Spit Poison


You were on level 2 of the Dungeon.
You were not hungry.

You visited 1 branch of the dungeon, and saw 3 of its levels.

You collected 92 gold pieces.

Inventory:

Hand weapons
 a - a +2 shortbow
 e - a +0 dagger
 l - a +1 hand axe (weapon)
 m - a +0 falchion
Missiles
 b - 13 arrows
 k - 7 javelins (quivered)
Armour
 c - a +0 ring mail (worn)
 q - a +0 pair of gloves (worn)
Scrolls
 h - 2 scrolls of remove curse
 j - 2 scrolls of enchant weapon
Potions
 d - a potion of lignification
 g - a potion of might
 o - a potion of heal wounds {unknown}
 r - a potion of degeneration {unknown}
 t - a potion of resistance {unknown}
Comestibles
 f - 2 bread rations
 n - 4 fruits


   Skills:
 - Level 3.8 Fighting
 * Level 2.3 Axes
   Level 1.0 Staves
 - Level 1.7 Bows
 - Level 1.0 Armour
 - Level 1.0 Dodging
 - Level 3.0 Stealth
   Level 1.0 Shields


You had 3 spell levels left.
You didn't know any spells.

Dungeon Overview and Level Annotations

Branches:
Dungeon (3/15)

Altars:
Vehumet


Innate Abilities, Weirdness & Mutations

You cannot wear boots.
Your serpentine skin is tough (AC +1).
You have supernaturally acute eyesight.
Armour fits poorly on your strangely shaped body.
Your system is resistant to poisons.
You cover ground very slowly.
You have a slow metabolism.
You can spit poison.


Message History

There is a stone staircase leading up here.
The orc hits you with a flail.
* * * LOW HITPOINT WARNING * * *
You climb upwards.
There is a stone staircase leading down here.
Use which ability? (? or * to list)
Press: ? - help, Shift-Dir - straight line, f - orc
Aim: an orc, wielding a flail and wearing a chain mail The splash of poison hits the orc.
The orc appears unharmed.
You feel slightly more hungry.
You hit the orc but do no damage. The orc hits you with a flail.
* * * LOW HITPOINT WARNING * * *
You hit the orc.
The orc is heavily wounded.
The orc hits you with a flail.
* * * LOW HITPOINT WARNING * * *
You hit the orc but do no damage.
The orc is heavily wounded.
The orc hits you with a flail.
You die...

...............#######.#.####
....).##(......# #.#.#
....####.......# #.#.#
....##......#..# #.#.#
............#..# #.#.#
...............## #.#.##
P..........###..# #....#
.♣.PP......# ##o########..#
♣♣.P.......####.@......#..#
^♣♣♣...........#######.####
♣♣♣.......####.#######.#
....####### #..........#
#..## #..######### ####
#..#.......# #..#.#####.#
#..........# #....#######


You could see an orc.

Vanquished Creatures
  3 adders (D:2)
  A worm (D:2)
  3 giant geckos
  2 ball pythons
  7 bats
  4 giant cockroaches
  9 goblins
  4 hobgoblins
  2 jackals (D:2)
  4 giant newts
  10 kobolds
  A quokka (D:2)
  7 rats
57 creatures vanquished.

Vanquished Creatures (others)
  2 jackals (D:2)
  A rat (D:2)
3 creatures vanquished.

Grand Total: 60 creatures vanquished

Notes
Turn   | Place    | Note
--------------------------------------------------------------
     0 | D:1      | wvc the Naga Wanderer began the quest for the Orb.
     0 | D:1      | wvc set off with: a +2 shortbow, 28 arrows, a +0 ring mail, a potion of lignification, a +0 dagger, a bread ration
     0 | D:1      | Reached XP level 1. HP: 19/19 MP: 1/1
   128 | D:1      | Reached XP level 2. HP: 27/27 MP: 2/2
   435 | D:1      | Reached XP level 3. HP: 34/34 MP: 3/3
   840 | D:2      | Reached skill level 1 in Axes
   847 | D:2      | Found a radiant altar of Vehumet.
   887 | D:2      | Reached XP level 4. HP: 44/44 MP: 4/4
  1708 | D:2      | HP: 2/44 [orc/flail (3)]
  1709 | D:2      | Slain by an orc

Vault maps used:
D:1:      lemuel_arrival_rhombus, serial_park_tiny_pond
D:2:      fiery_altar_vehumet, serial_forest, infiniplex_forest_lined_2,
          infiniplex_forest_clump_cross, infiniplex_forest_clump_double,
          infiniplex_forest_clump_small, infiniplex_forest_clump_medium,
          infiniplex_forest_clump_large
D:3:      uniq_terence

Action                   |  1- 3 |  4- 6 || total
-------------------------+-------+-------++-------
Melee: Hand axe          |       |    19 ||    19
 Fire: Shortbow          |    83 |    39 ||   122
 Abil: Spit Poison       |       |     1 ||     1
  Use: Scroll            |       |     6 ||     6
 Stab: Sleeping          |       |     1 ||     1
  Eat: Chunk             |       |     2 ||     2
